 Dungeon Crawl Stone Soup version 0.30-b1-2-g02819fbbbe (webtiles) character file.

Game seed: 12358085042012860882

376918 discopopstar the Slayer (level 21, -4/218 HPs)
             Began as a Minotaur Fighter on Sept 4, 2023.
             Was the Champion of Okawaru.
             Killed by vampiric draining
             ... invoked by a ghostly deep elf death mage
              (37 damage)
             ... on level 3 of the Elven Halls.
             The game lasted 02:30:10 (45774 turns).

discopopstar the Slayer (Minotaur Fighter)         Turns: 45774, Time: 02:30:11

Health: -4/218     AC: 32    Str: 37    XL:     21   Next: 81%
Magic:  23/23      EV: 14    Int: 21    God:    Okawaru [******]
Gold:   2509       SH: 16    Dex: 21    Spells: 20/20 levels left

rFire   + . .        X - +3 war axe "Araocawurgh" {elec, Contam rPois rF++ rC+}
rCold   + . .        p - -2 kite shield "Leukhlad" {Str+4 Int+8}
rNeg    . . .        a - +6 plate armour
rPois   +            H - +0 hat of Lanoc {Regen+}
rElec   +            b - +1 cloak {rPois}
rCorr   +            Y - +0 pair of gloves
SInv    .            r - +1 pair of boots of a Billion Dances {rCorr Str-2 Dex+8}
Will    +....        C - amulet "Cuebb" {Regen+ Str+7} Stlth
                     w - ring "Lym Ebot" {Fly Slay+4}
HPRegen 2.16/turn    e - ring of Impatience {rElec Int+6 Dex+3 Stlth+}
MPRegen 0.18/turn

%: no passive effects
@: about to teleport, flying
A: horns 2, retaliatory headbutt, talons 1, clumsy 1, heat vulnerability 1
}: 2/15 runes: decaying, serpentine
a: Renounce Religion, Heroism, Finesse, Duel


You were on level 3 of the Elven Halls.
You worshipped Okawaru.
Okawaru was exalted by your worship.
You visited 8 branches of the dungeon, and saw 38 of its levels.
You visited the Abyss 4 times.
You also visited: Gauntlet, Ice Cave and Wizlab.

You collected 3976 gold pieces.
You spent 1467 gold pieces at shops.

Inventory:

Hand Weapons
 g - the +6 war axe "Jyzumor" {drain, rC+ rN+ Will+}
   (Okawaru gifted it to you on level 12 of the Dungeon)

   rC:        It protects you from cold.
   rN:        It protects you from negative energy.
   Will:      It increases your willpower.
 P - the +5 war axe of Okawaru, Forging {elec, Stlth+}
   (Okawaru gifted it to you on level 15 of the Dungeon)

   Stlth:     It makes you more stealthy.
 X - the +3 war axe "Araocawurgh" (weapon) {elec, Contam rPois rF++ rC+}
   (You took it off a minotaur in a Gauntlet)

   rF:        It greatly protects you from fire.
   rC:        It protects you from cold.
   rPois:     It protects you from poison.
   Contam:    It causes magical contamination when unequipped.
Missiles
 h - 43 poisoned darts (quivered)
Armour
 a - a +6 plate armour (worn)
 b - a +1 cloak of poison resistance (worn)
 l - a +1 tower shield of cold resistance
 m - a +8 plate armour of ponderousness
 p - the -2 kite shield "Leukhlad" (worn) {Str+4 Int+8}
   (Okawaru gifted it to you on level 1 of the Snake Pit)

   Str:       It affects your strength (+4).
   Int:       It affects your intelligence (+8).
 r - the +1 pair of boots of a Billion Dances (worn) {rCorr Str-2 Dex+8}
   (Okawaru gifted it to you on level 12 of the Dungeon)

   Str:       It affects your strength (-2).
   Dex:       It affects your dexterity (+8).
   rCorr:     It protects you from acid and corrosion.
 D - a scarf of resistance
 G - the +1 pair of boots of Aggiasuo {Rampage Int-2 Dex+5}
   (You acquired it on level 6 of the Dungeon)

   Int:       It affects your intelligence (-2).
   Dex:       It affects your dexterity (+5).
   Rampage:   It bestows one free step when moving towards enemies.
 H - the +0 hat of Lanoc (worn) {Regen+}
   (You acquired it on level 6 of the Dungeon)

   Regen:     It increases your rate of health regeneration.
 U - a scarf of invisibility
 V - the scarf of the Skies Above {harm, rN+ Str+3 Dex-4}
   (You found it in an ice cave)

   Str:       It affects your strength (+3).
   Dex:       It affects your dexterity (-4).
   rN:        It protects you from negative energy.
 Y - a +0 pair of gloves (worn)
 Z - the +0 buckler "Ejomuk" {rF- rN+++ rCorr Str-4}
   (Okawaru gifted it to you on level 15 of the Dungeon)

   Str:       It affects your strength (-4).
   rF:        It makes you vulnerable to fire.
   rN:        It renders you almost immune to negative energy.
   rCorr:     It protects you from acid and corrosion.
Jewellery
 e - the ring of Impatience (right hand) {rElec Int+6 Dex+3 Stlth+}
   (You found it on level 5 of the Lair of Beasts)

   [ring of intelligence]

   Int:       It affects your intelligence (+6).
   Dex:       It affects your dexterity (+3).
   rElec:     It insulates you from electricity.
   Stlth:     It makes you more stealthy.
 s - a ring of willpower
 v - a +5 ring of evasion
 w - the ring "Lym Ebot" (left hand) {Fly Slay+4}
   (You found it on level 3 of the Swamp)

   [ring of flight]

   Slay:      It affects your accuracy & damage with ranged weapons and melee
   (+4).
   Fly:       It grants you flight.
 A - a ring of resist corrosion
 B - a ring of ice
 C - the amulet "Cuebb" (around neck) {Regen+ Str+7}
   (You acquired it on level 6 of the Dungeon)

   [amulet of regeneration]

   Str:       It affects your strength (+7).
   Regen:     It increases your rate of health regeneration.
Wands
 c - a wand of quicksilver (25)
 x - a wand of paralysis (67)
 y - a wand of iceblast (35)
 K - a wand of flame (56)
 M - a wand of digging (28)
 N - a wand of mindburst (16)
Scrolls
 f - 4 scrolls of enchant weapon
 q - 3 scrolls of magic mapping
 E - 2 scrolls of blinking
 J - 8 scrolls of immolation
 Q - 3 scrolls of silence
 R - a scroll of brand weapon
 S - 27 scrolls of identify
 T - 3 scrolls of fear
 W - 11 scrolls of teleportation
Potions
 d - 4 potions of might
 i - 7 potions of invisibility
 j - 22 potions of mutation
 k - 4 potions of magic
 n - 5 potions of lignification
 o - a potion of ambrosia
 t - 6 potions of resistance
 u - 4 potions of brilliance
 z - 18 potions of curing
 F - 4 potions of berserk rage
 L - 7 potions of haste
 O - 5 potions of flight


   Skills:
 + Level 25.5 Fighting
 + Level 24.2 Axes
 - Level 4.0 Throwing
 + Level 19.1 Armour
 + Level 7.2 Dodging
 + Level 3.1 Stealth
 + Level 24.2 Shields
 * Level 5.1 Invocations
 - Level 8.8 Evocations


You had 20 spell levels left.
You didn't know any spells.
Your spell library contained the following spells:

 Spells                   Type           Power      Damage    Failure   Level
 Apportation              Tloc           0%         N/A       54%         1
 Beastly Appendage        Tmut           0%         N/A       54%         1
 Magic Dart               Conj           0%         1d3       54%         1
 Necrotise                Necr           0%         1d4       54%         1
 Slow                     Hex            0%         N/A       54%         1
 Sting                    Tmut/Pois      0%         1d3       54%         1
 Cigotuvi's Dreadful Rot  Necr/Pois/Air  0%         N/A       67%         2
 Momentum Strike          Conj/Tloc      0%         3d8       67%         2
 Passwall                 Tmut/Erth      0%         N/A       67%         2
 Searing Ray              Conj           0%         2d4       67%         2
 Static Discharge         Conj/Air       0%         2-2/arc   67%         2
 Sublimation of Blood     Necr           0%         N/A       67%         2
 Wereblood                Tmut           0%         N/A       67%         2
 Confusing Touch          Hex            0%         N/A       88%         3
 Gell's Gravitas          Tloc           0%         N/A       88%         3
 Hailstorm                Conj/Ice       0%         3d3       88%         3
 Ignite Poison            Fire/Tmut/Pois 0%         N/A       88%         3
 Ozocubu's Armour         Ice            0%         N/A       88%         3
 Spider Form              Tmut/Pois      0%         N/A       88%         3
 Teleport Other           Tloc           0%         N/A       88%         3
 Vampiric Draining        Necr           0%         2d6       88%         3
 Airstrike                Air            0%         2d(0-16)  99%         4
 Anguish                  Hex/Necr       0%         N/A       99%         4
 Cause Fear               Hex            0%         N/A       99%         4
 Dispel Undead            Necr           0%         3d6       99%         4
 Fulminant Prism          Conj/Hex       0%         3d5       99%         4
 Ice Form                 Ice/Tmut       0%         N/A       99%         4
 Olgreb's Toxic Radiance  Pois           0%         N/A       99%         4
 Petrify                  Tmut/Erth      0%         N/A       99%         4
 Alistair's Intoxication  Tmut/Pois      0%         N/A       100%        5
 Blade Hands              Tmut           0%         N/A       100%        5
 Borgnjor's Vile Clutch   Necr/Erth      0%         N/A       100%        5
 Freezing Cloud           Conj/Ice/Air   0%         6-21      100%        5
 Irradiate                Conj/Tmut      0%         3d11      100%        5
 Iskenderun's Battlesphe  Conj           0%         2d6       100%        5
 Lee's Rapid Deconstruct  Erth           0%         3d4*      100%        5
 Metabolic Englaciation   Hex/Ice        0%         N/A       100%        5
 Dispersal                Tloc           0%         N/A       100%        6
 Eringya's Noxious Bog    Tmut/Pois      0%         N/A       100%        6
 Iron Shot                Conj/Erth      0%         9d1       100%        6
 Statue Form              Tmut/Erth      0%         N/A       100%        6
 Dragon Form              Tmut           0%         N/A       100%        7
 Enfeeble                 Hex            0%         N/A       100%        7
 Discord                  Hex            0%         N/A       100%        8
 Ignition                 Fire           0%         3d3       100%        8
 Fire Storm               Conj/Fire      0%         5d1       100%        9
 Shatter                  Erth           0%         3d5*      100%        9
 Summon Small Mammal      Summ           Unusable   N/A       N/A         1
 Animate Armour           Summ/Erth      Unusable   N/A       N/A         4
 Summon Lightning Spire   Summ/Air       Unusable   N/A       N/A         4
 Death Channel            Necr           Unusable   N/A       N/A         6
 Simulacrum               Ice/Necr       Unusable   N/A       N/A         6
 Spellforged Servitor     Conj/Summ      Unusable   N/A       N/A         7
 Summon Hydra             Summ           Unusable   N/A       N/A         7

Dungeon Overview and Level Annotations

Branches:
Dungeon (15/15)            Temple (1/1) D:5            Lair (5/5) D:9
  Swamp (4/4) Lair:3        Snake (4/4) Lair:2        Slime (0/5) Lair:4
    Orc (2/2) D:12            Elf (3/3) Orc:2        Vaults (4/5) D:14
  Crypt (0/3) Vaults:2     Depths (0/4) D:15          IceCv (visited)
 WizLab (visited)         Gauntlet (visited)

Altars:
Ashenzari
Cheibriados
Dithmenos
Elyvilon
Fedhas
Gozag
Hepliaklqana
Kikubaaqudgha
Makhleb
Nemelex Xobeh
Okawaru
Qazlal
Ru
Sif Muna
Trog
Uskayaw
Vehumet
Wu Jian
Xom
Yredelemnul
Zin
The Shining One
Jiyva
Lugonu

Shops:
D:6 :!*(   D:9 !   D:10 !   D:15 [   Orc:2 =!!*   Snake:2 (   Snake:3 :
Snake:4 !   Vaults:1 (   Vaults:2 *

Portals:
Abyss: Lair:5

Annotations:
D:7 1 runed translucent door
D:14 Roxanne
Vaults:3 1 transporter


Innate Abilities, Weirdness & Mutations

You have a pair of horns on your head.
You reflexively headbutt those who attack you in melee.
You have sharp toenails.
You are clumsy. (Dex -2)
You are vulnerable to heat. (rF-)


Message History

As you read the scroll of teleportation, it crumbles to dust.
You feel strangely unstable.
The deep elf knight gestures wildly while chanting.
The deep elf knight flickers and vanishes!
Deactivating autopickup; reactivate with Ctrl-A.
You block the deep elf death mage's attack.
You barely miss the deep elf death mage.
You headbutt the deep elf death mage!
The lost soul assumes the form of the deep elf death mage and becomes anchored to this world!
You hit the earth elemental but do no damage.
You slash the earth elemental!
You destroy the earth elemental!
The earth elemental disappears in a puff of smoke!
You slash the earth elemental! You slice the earth elemental!!
You block the earth elemental's attack. The earth elemental barely misses you.
The deep elf sorcerer shouts, "You are history!"
The deep elf pyromancer casts a spell.
The deep elf pyromancer blinks!
You block the ghostly deep elf death mage's attack.
You slash the ghostly deep elf death mage!
You headbutt the ghostly deep elf death mage!
The ghostly deep elf death mage is moderately damaged.
You slash the earth elemental! You slice the deep elf death mage!!
The lost soul assumes the form of the deep elf death mage and becomes anchored to this world!
You slash the earth elemental!
You hit the earth elemental but do no damage.
You slash the earth elemental!
The deep elf elementalist casts a spell next to you.
Some walls begin to move on their own!
You block the earth elemental's attack.
You hear a shout! x2
You barely miss the ghostly deep elf death mage.
You headbutt the ghostly deep elf death mage!
The ghostly deep elf death mage is heavily damaged.
You hit the earth elemental. x2; You slice the earth elemental!!
You hit the ghostly deep elf death mage.
You hit the earth elemental but do no damage.
The Tzitzimitl disappears in a puff of smoke!
The deep elf demonologist mumbles some strange words. x2
The ghostly deep elf death mage draws life force from you!!!
You die...

#####..#########
.##.....####.....##
........(..........#
###......####.....##
.....#.### ###..##
.####.. #.)E.## ##.
##).)..# #. #..EE.§#
#. #..E@E.# ##..ee.#
#.#)#E# #.#E#EE# #
#e# .#


{ee ## e44 ee43 ..§.e You could see a deep elf annihilator (empowered), 2
ghostly deep elf death magi, a deep elf sorcerer (empowered), a deep elf
elementalist (fast, empowered, repels missiles), 2 deep elf demonologists, an
orange demon (summoned), a deep elf archer (empowered, repels missiles), 9 earth
elementals, a hellwing (summoned) and an ice devil (summoned).

Vanquished Creatures
  An ancient lich (Abyss:2)
  Mara (Swamp:4)
  the Lernaean hydra (Swamp:3)
  Vashnia (Snake:3)
  A mutant beast (WizLab)
  2 bone dragons (Abyss:2)
  Mlioglotl (Swamp:4)
  2 tentacled monstrosities
  Jorgrun (Swamp:1)
  A Hell Sentinel (Vaults:2)
  Asterion (Vaults:1)
  2 deep elf blademasters
  The ghost of Saddaezu the Severer, an adept MiBe of Trog (Snake:1)
  5 tentacled starspawn (Abyss:2)
  The ghost of Retse the Warrior, an adept DjEE of Ashenzari (D:15)
  Frances (D:13)
  3 sphinxes
  3 thorn hunters
  A fenstrider witch (Swamp:4)
  The ghost of PanSaczeczos the Thaumaturge, an adept KoCj of Vehumet (Snake:1)
  Donald (Swamp:2)
  6 nagarajas
  A fire giant (Vaults:4)
  6 deep elf sorcerers
  Louise (Swamp:1)
  12 vault wardens
  The ghost of littlecub the Fighter, a journeyman DsGl of Hepliaklqana (Snake:1)
  A balrug (Abyss:2)
  3 deep elf elementalists
  A ghoul (Swamp:2)
  3 war gargoyles
  3 orc warlords
  15 ironbound preservers
  11 very ugly things
  An ophan (Abyss:2)
  3 ironbound thunderhulks
  A reaper (IceCv)
  A deep elf demonologist (Elf:1)
  3 bunyips
  5 deep elf annihilators
  3 eleionomae
  A minotaur (Gauntlet)
  7 dire elephants (Vaults:3)
  A green death (Abyss:2)
  2 shambling mangroves (Swamp:3)
  2 deep elf death magi (Elf:3)
  A crystal guardian (Vaults:4)
  Josephine (Swamp:1)
  A blizzard demon (Abyss:2)
  2 entropy weavers
  The ghost of Kotami the Carver, a journeyman OpFi of Dithmenos (Lair:2)
  21 hydras
  3 yaktaur captains
  2 deep elf high priests (Elf:3)
  4 ghost crabs
  3 peacekeepers
  9 great orbs of eyes
  An ogre mage (D:14)
  The ghost of Qusi Aja the Skirmisher, a journeyman GnHu of Makhleb (Lair:2)
  2 rakshasas
  2 salamander tyrants
  12 vault guards
  17 anacondas
  A spriggan air mage (Swamp:3)
  A boulder beetle (Vaults:1)
  9 centaur warriors
  5 alligators
  9 death yaks
  6 two-headed ogres
  A tengu warrior (D:13)
  15 ironbound frosthearts
  20 dancing weapons
  11 thrashing horrors
  11 naga warriors
  18 deep elf knights
  9 naga sharpshooters
  7 shock serpents
  2 shock serpents (shapeshifter)
  A spriggan berserker (Swamp:3)
  6 orc high priests
  A soul eater (Gauntlet)
  3 fire crabs (shapeshifter)
  3 sun demons
  A skyshark (Lair:4)
  2 wretched stars (Abyss:2)
  8 salamander mystics
  A death drake (shapeshifter) (WizLab)
  A bunyip zombie (Abyss:2)
  A goliath frog (Swamp:3)
  11 swamp dragons
  16 bog bodies
  5 spriggan druids
  A storm dragon skeleton (Abyss:2)
  8 naga ritualists
  2 glowing orange brains
  40 deep trolls
  A deep troll (shapeshifter) (Vaults:1)
  18 ironbound convokers
  2 deep elf archers
  2 harpies
  28 deep elf pyromancers
  5 wizards
  2 harpies (shapeshifter) (WizLab)
  2 necromancers
  A wolf spider zombie (D:15)
  9 orc knights
  A stone giant zombie (Abyss:2)
  12 lindwurms
  24 deep elf zephyrmancers
  12 mana vipers
  2 shining eyes (shapeshifter) (WizLab)
  21 ugly things
  5 orc sorcerers
  A moth of wrath (shapeshifter) (WizLab)
  6 cyclopes
  A manticore (D:15)
  4 will-o-the-wisps
  A centaur zombie (D:15)
  18 salamanders
  9 elephants
  5 guardian serpents
  14 vault sentinels
  An ice statue (IceCv)
  3 apocalypse crabs (Abyss:2)
  A gargoyle (D:14)
  12 naga magi
  6 smoke demons
  30 black mambas
  22 slime creatures
  An eye of devastation (D:15)
  A centaur skeleton (D:15)
  11 cane toads
  An orange demon (Abyss:2)
  2 unseen horrors (shapeshifter)
  A komodo dragon (shapeshifter) (WizLab)
  2 kobold demonologists
  14 komodo dragons
  3 rime drakes (Lair:5)
  An efreet (D:14)
  2 freezing wraiths (D:15)
  An anaconda simulacrum (IceCv)
  14 yaktaurs
  An ancient zyme (Lair:5)
  7 trolls
  A bloated husk (Swamp:3)
  3 wind drakes (shapeshifter)
  3 queen bees (shapeshifter) (WizLab)
  A polar bear (Lair:3)
  3 polar bears (shapeshifter)
  A meliai (shapeshifter) (WizLab)
  A troll (shapeshifter) (Lair:5)
  9 tyrant leeches
  16 hornets
  18 blink frogs
  A tarantella (shapeshifter) (WizLab)
  A hornet (shapeshifter) (WizLab)
  8 raiju
  A culicivora (shapeshifter) (WizLab)
  5 flying skulls (Abyss:2)
  3 culicivoras
  16 spriggans
  A spriggan (shapeshifter) (WizLab)
  A water elemental (Elf:1)
  5 wyverns
  3 dire elephant simulacra (IceCv)
  An air elemental (Elf:2)
  3 centaur simulacra
  A shadow (D:9)
  3 vampires
  2 ynoxinuls (Abyss:2)
  6 wraiths
  63 yaks
  3 fire elementals
  A human (D:14)
  7 redbacks
  11 basilisks
  3 death yak simulacra (IceCv)
  5 chaos spawn
  A redback (shapeshifter) (Vaults:1)
  5 steam dragons
  2 neqoxecs
  A warg (Orc:2)
  6 vampire mosquitoes
  3 harpy simulacra
  An iron golem (WizLab)
  2 wargs (shapeshifter)
  2 spatial vortices
  4 acid dragons
  13 swamp worms
  4 floating eyes (WizLab)
  2 hydra simulacra (IceCv)
  46 nagas
  21 water moccasins
  A water moccasin (shapeshifter) (WizLab)
  3 hell hounds (Abyss:2)
  7 swamp drakes
  27 orc warriors
  An ice beast (D:7)
  3 black bears
  16 large abominations
  8 ogres
  9 boggarts
  A centaur (D:9)
  20 wolves
  4 kobold brigands
  2 gnoll sergeants
  6 bullfrogs
  23 small abominations
  4 necrophages (Swamp:2)
  7 two-headed ogre simulacra (IceCv)
  3 cane toad simulacra (IceCv)
  8 scorpions
  7 wights
  14 killer bees
  3 electric eels
  A howler monkey (D:7)
  2 quasits (Abyss:2)
  An iron imp (Abyss:2)
  3 jellies
  12 starcursed masses (Abyss:2)
  34 orc priests
  A sleepcap (D:6)
  Ijyb (D:5)
  7 iguanas
  22 orc wizards
  8 hell rats (Lair:3)
  6 spriggan simulacra (IceCv)
  2 wolf simulacra (IceCv)
  2 troll simulacra (IceCv)
  16 gnolls
  15 river rats (Lair:3)
  7 adders
  4 naga simulacra (IceCv)
  3 shadow imps (Gauntlet)
  9 white imps
  13 ufetubi
  A worm (D:3)
  72 orcs
  4 ball pythons
  7 bats
  4 endoplasms
  2 giant cockroaches
  11 goblins
  8 hobgoblins
  4 jackals (D:3)
  11 kobolds
  6 quokkas
  3 frilled lizards (D:2)
  14 rats
  7 briar patches (Swamp:4)
  7 starspawn tentacles (Abyss:2)
1618 creatures vanquished.

Vanquished Creatures (others)
  A quicksilver ooze (D:15)
  A thrashing horror (Abyss:2)
  A spriggan druid (Swamp:4)
  A deep elf pyromancer (Elf:2)
  A slime creature (D:15)
  A golden eye (shapeshifter) (WizLab)
  A large abomination (Abyss:2)
  6 briar patches (Swamp:4)
  17 foxfires
  19 fungi
  2 lurking horrors (Abyss:2)
  36 plants
  11 starspawn tentacles
  4 withered plants (Snake:1)
102 creatures vanquished.

Grand Total: 1720 creatures vanquished

Notes
Turn   | Place    | Note
-------+----------+-------------------------------------------
     0 | D:1      | discopopstar the Minotaur Fighter began the quest for the
                  | Orb.
     0 | D:1      | Reached XP level 1. HP: 19/19 MP: 0/0
   182 | D:1      | Found a faded altar of an unknown god.
   352 | D:1      | Reached XP level 2. HP: 27/27 MP: 1/1
   513 | D:1      | Reached skill level 4 in Fighting
   851 | D:2      | Reached XP level 3. HP: 27/33 MP: 2/2
  1431 | D:3      | Found an iron altar of Okawaru.
  1442 | D:3      | Reached skill level 1 in Throwing
  1445 | D:3      | Became a worshipper of Warmaster Okawaru
  1644 | D:3      | Found a sparkling altar of Nemelex Xobeh.
  1667 | D:3      | Reached XP level 4. HP: 31/40 MP: 3/3
  1925 | D:3      | Found an ancient bone altar of Kikubaaqudgha.
  2155 | D:3      | Identified a scroll of acquirement
  2155 | D:3      | Acquired a +2 broad axe of electrocution
  2314 | D:4      | Noticed a black bear
  2324 | D:4      | Reached * piety under Okawaru
  2325 | D:4      | Reached XP level 5. HP: 21/47 MP: 4/4
  2328 | D:4      | Killed a black bear
  2329 | D:4      | Reached skill level 5 in Axes
  2329 | D:4      | Reached skill level 5 in Armour
  2765 | D:4      | Found an ornate altar of the Wu Jian Council.
  2773 | D:4      | Found a shimmering blue altar of Sif Muna.
  2956 | D:4      | Reached XP level 6. HP: 53/53 MP: 5/5
  3427 | D:5      | Entered Level 5 of the Dungeon
  3456 | D:5      | Reached ** piety under Okawaru
  3457 | D:5      | Reached skill level 1 in Dodging
  3624 | D:5      | Found a staircase to the Ecumenical Temple.
  3643 | Temple   | Entered the Ecumenical Temple
  3878 | D:5      | Reached XP level 7. HP: 60/60 MP: 6/6
  4161 | D:5      | Found a stormy altar of Qazlal.
  4351 | D:5      | Reached skill level 5 in Fighting
  4446 | D:5      | Noticed Ijyb
  4450 | D:5      | Killed Ijyb
  4757 | D:6      | Found Vuibrolo's Distillery.
  4758 | D:6      | Found Fuycviaz's Book Emporium.
  4758 | D:6      | Found Sutegg's Weapon Shop.
  4760 | D:6      | Found Qocw's Assorted Antiques.
  4799 | D:6      | Noticed a yak
  4801 | D:6      | Noticed a yak
  4802 | D:6      | Noticed a yak
  4813 | D:6      | Killed a yak
  4814 | D:6      | Reached XP level 8. HP: 68/68 MP: 7/7
  4819 | D:6      | Reached *** piety under Okawaru
  4840 | D:6      | Reached skill level 1 in Stealth
  4956 | D:6      | Reached **** piety under Okawaru
  4956 | D:6      | Received a gift from Okawaru
  4957 | D:6      | Reached skill level 6 in Fighting
  4990 | D:6      | Reached skill level 10 in Axes
  5275 | D:6      | Reached skill level 5 in Shields
  5275 | D:6      | Reached XP level 9. HP: 67/75 MP: 8/8
  5751 | D:6      | Acquired the +0 hat of Lanoc {Regen+}
  5752 | D:6      | Acquired the +1 pair of boots of Aggiasuo {Rampage Int-2
                  | Dex+5}
  5753 | D:6      | Acquired the amulet "Cuebb" {Regen+ Str+7}
  5914 | D:7      | Found a runed translucent gate.
  5914 | D:7      | Found a runed translucent gate.
  5915 | D:7      | Found a runed translucent door.
  5927 | D:7      | Found a runed translucent gate.
  5936 | D:7      | Found a runed translucent door.
  6192 | D:7      | Found a basalt altar of Yredelemnul.
  6673 | D:7      | Reached ***** piety under Okawaru
  6694 | D:7      | Got the staff of poison "Bierruurgh" {rPois rF+ SInv}
  6738 | D:7      | Reached XP level 10. HP: 84/84 MP: 9/9
  6880 | D:8      | Reached skill level 7 in Fighting
  7009 | D:8      | Found an opulent altar of Gozag.
  7010 | D:8      | Found an opulent altar of Gozag.
  7014 | D:8      | Found an opulent altar of Gozag.
  7034 | D:8      | Found a sacrificial altar of Ru.
  7189 | D:8      | Found an opulent altar of Gozag.
  7365 | D:8      | Found a radiant altar of Vehumet.
  7489 | D:9      | Found a staircase to the Lair.
  7523 | D:9      | Received a gift from Okawaru
  7856 | D:9      | Found Giushroant's Distillery.
  7874 | D:9      | Bought a potion of heal wounds for 70 gold pieces
  7874 | D:9      | Bought a potion of heal wounds for 70 gold pieces
  7874 | D:9      | Bought a potion of berserk rage for 70 gold pieces
  8104 | D:10     | Entered Level 10 of the Dungeon
  8246 | D:10     | Identified the +0 scale mail of Muttered Phrases {Harm
                  | Will+ Dex+3}
  8263 | D:10     | Found a hazy altar of Hepliaklqana.
  8318 | D:10     | Noticed a two-headed ogre
  8324 | D:10     | Killed a two-headed ogre
  8325 | D:10     | Reached skill level 8 in Fighting
  8325 | D:10     | Reached skill level 10 in Armour
  8380 | D:10     | Found a shimmering altar of Xom.
  8411 | D:10     | Found a blossoming altar of Fedhas.
  8414 | D:10     | Noticed a two-headed ogre
  8423 | D:10     | Killed a two-headed ogre
  8442 | D:10     | Found Pirchimp's Distillery.
  8690 | D:10     | Noticed a two-headed ogre
  8696 | D:10     | Killed a two-headed ogre
  8697 | D:10     | Reached XP level 11. HP: 49/94 MP: 10/10
  8957 | D:11     | Received a gift from Okawaru
  9337 | D:11     | Found a gate leading to a gauntlet.
  9343 | Gauntlet | Entered a Gauntlet
  9343 | Gauntlet | Found a transporter.
  9343 | Gauntlet | Found a transporter.
  9354 | Gauntlet | Found a transporter.
  9359 | Gauntlet | Found a transporter.
  9361 | Gauntlet | Noticed a sixfirhy
  9369 | Gauntlet | Found a transporter.
  9371 | Gauntlet | Found a transporter.
  9379 | Gauntlet | Noticed a balrug
  9381 | Gauntlet | Found a transporter.
  9398 | Gauntlet | Found a transporter.
  9415 | Gauntlet | Found a transporter.
  9419 | Gauntlet | Found a transporter.
  9420 | Gauntlet | Noticed a soul eater
  9431 | Gauntlet | Found a transporter.
  9432 | Gauntlet | Found a transporter.
  9645 | Gauntlet | Killed a soul eater
  9677 | Gauntlet | Identified the staff of conjuration "Utuboacw" {rC+ Str+2}
  9684 | Gauntlet | HP: 4/95 [harpy simulacrum (13)]
  9686 | Gauntlet | Reached skill level 9 in Fighting
  9732 | Gauntlet | Identified the +3 war axe "Araocawurgh" {elec, Contam rPois
                  | rF++ rC+}
  9732 | Gauntlet | Identified the +2 ring mail of Devotion {rC+ Str+2}
  9732 | Gauntlet | Noticed a minotaur
  9737 | Gauntlet | Killed a minotaur
  9762 | Gauntlet | Got the Lectures on the Body
  9767 | Gauntlet | Got the Anthology of Detritus
 10082 | D:12     | Found a staircase to the Orcish Mines.
 10148 | D:12     | Found a frozen archway.
 10157 | D:12     | Identified the +6 war axe "Jyzumor" {drain, rC+ rN+ Will+}
                  | (Okawaru gifted it to you on level 12 of the Dungeon)
 10157 | D:12     | Received a gift from Okawaru
 10172 | IceCv    | Entered an ice cave
 10199 | IceCv    | Reached skill level 15 in Axes
 10506 | IceCv    | Reached skill level 10 in Fighting
 10902 | IceCv    | Noticed a reaper
 10921 | IceCv    | Killed a reaper
 10922 | IceCv    | Reached XP level 12. HP: 38/108 MP: 9/11
 11072 | IceCv    | Identified the scarf of the Skies Above {harm, rN+ Str+3
                  | Dex-4}
 11821 | D:12     | Noticed a two-headed ogre
 11831 | D:12     | Killed a two-headed ogre
 11832 | D:12     | Reached skill level 11 in Fighting
 11838 | D:12     | Received a gift from Okawaru
 12021 | D:12     | Reached ****** piety under Okawaru
 12113 | D:12     | Identified the +1 pair of boots of a Billion Dances {rCorr
                  | Str-2 Dex+8} (Okawaru gifted it to you on level 12 of the
                  | Dungeon)
 12113 | D:12     | Received a gift from Okawaru
 12163 | D:12     | Identified the +0 robe of the Big Bang {Rampage Str+2}
 12439 | Lair:1   | Entered Level 1 of the Lair of Beasts
 12470 | Lair:1   | Reached skill level 12 in Fighting
 12583 | Lair:1   | Reached skill level 5 in Dodging
 12587 | Lair:1   | Reached skill level 10 in Shields
 13165 | Lair:1   | Reached skill level 13 in Fighting
 13509 | Lair:2   | Identified the staff of cold "Hehixkiw" {Drain rC+ Str+5
                  | Int+6}
 13525 | Lair:2   | Identified the +9 quarterstaff of Xussorph {pain, rC+
                  | Dex+3}
 13579 | Lair:2   | Reached XP level 13. HP: 123/123 MP: 12/12
 13588 | Lair:2   | Identified the +2 pair of boots of Anarchy {-Cast Fly
                  | Regen+ Stlth-} (Okawaru gifted it to you on level 2 of the
                  | Lair of Beasts)
 13588 | Lair:2   | Received a gift from Okawaru
 13608 | Lair:2   | Found a runed translucent gate.
 13608 | Lair:2   | Found a runed translucent gate.
 13608 | Lair:2   | Found a runed translucent gate.
 13613 | Lair:2   | Noticed Kotami's ghost (journeyman OpFi)
 13613 | Lair:2   | Noticed Qusi Aja's ghost (journeyman GnHu)
 13631 | Lair:2   | Killed Kotami's ghost
 13632 | Lair:2   | Reached skill level 14 in Fighting
 13633 | Lair:2   | Killed Qusi Aja's ghost
 13929 | Lair:2   | Found a staircase to the Snake Pit.
 14394 | Lair:3   | Reached skill level 15 in Fighting
 14899 | Lair:3   | Found a staircase to the Swamp.
 14933 | Lair:3   | Received a gift from Okawaru
 14943 | Lair:3   | Reached skill level 16 in Fighting
 15532 | Lair:4   | Found a viscous altar of Jiyva.
 15533 | Lair:4   | Found a staircase to the Slime Pits.
 16190 | Lair:5   | Entered Level 5 of the Lair of Beasts
 16208 | Lair:5   | Reached XP level 14. HP: 79/138 MP: 13/13
 16425 | Lair:5   | Reached skill level 17 in Fighting
 16426 | Lair:5   | Received a gift from Okawaru
 16444 | Lair:5   | Identified the +3 ring mail of Xom's Brutal Revenge {rPois
                  | MP+9}
 16498 | Lair:5   | Identified the ring of Impatience {rElec Int+6 Dex+3
                  | Stlth+}
 16850 | Lair:5   | Reached skill level 18 in Fighting
 16856 | Lair:5   | Received a gift from Okawaru
 17557 | Lair:5   | Found a corrupted altar of Lugonu.
 17557 | Lair:5   | Found a one-way gate to the infinite horrors of the Abyss.
 17846 | Lair:5   | Found the sphere of Battle
 17913 | Lair:5   | Reached skill level 15 in Shields
 18263 | Orc:1    | Entered Level 1 of the Orcish Mines
 18280 | Orc:1    | Noticed an orc warlord
 18303 | Orc:1    | Killed an orc warlord
 18476 | Orc:2    | Entered Level 2 of the Orcish Mines
 18595 | Orc:2    | Received a gift from Okawaru
 18809 | Orc:2    | Found Xuqin's Jewellery Shoppe.
 18809 | Orc:2    | Found Xyzeradd's Distillery.
 18810 | Orc:2    | Found Usesseg's Assorted Antiques.
 18814 | Orc:2    | Found Nuumaan's Distillery.
 18821 | Orc:2    | Bought a scroll of enchant armour for 202 gold pieces
 18823 | Orc:2    | Bought a potion of might for 44 gold pieces
 18824 | Orc:2    | Bought a +4 ring of slaying for 780 gold pieces
 18937 | Orc:2    | Found a staircase to the Elven Halls.
 19381 | D:13     | Reached XP level 15. HP: 148/151 MP: 14/14
 19498 | D:13     | Found a broken altar of Ashenzari.
 19506 | D:13     | Noticed Frances
 19514 | D:13     | Killed Frances
 19607 | D:13     | Reached skill level 19 in Fighting
 19923 | D:14     | Noticed Roxanne
 20065 | D:14     | Found a gate to the Vaults.
 20661 | D:15     | Entered Level 15 of the Dungeon
 20777 | D:15     | Found a runed translucent gate.
 20778 | D:15     | Found a runed translucent gate.
 20779 | D:15     | Found a runed translucent gate.
 20782 | D:15     | Found a viscous altar of Jiyva.
 20782 | D:15     | Noticed Retse's ghost (adept DjEE)
 20812 | D:15     | Killed Retse's ghost
 20928 | D:15     | Identified the +8 quarterstaff "Hiedeuwu" {distort, Int+5}
 20959 | D:15     | Identified the +5 war axe of Okawaru, Forging {elec,
                  | Stlth+} (Okawaru gifted it to you on level 15 of the
                  | Dungeon)
 20959 | D:15     | Received a gift from Okawaru
 21341 | Abyss:2  | Found a corrupted altar of Lugonu.
 21341 | Abyss:2  | Cast into level 2 of the Abyss (a wizard)
 21517 | Abyss:2  | Found a corrupted altar of Lugonu.
 21620 | Abyss:2  | Gained mutation: Your magical capacity is low. (-10% MP) [a
                  | neqoxec]
 21760 | D:15     | Escaped the Abyss
 21858 | D:15     | Identified the +0 buckler "Ejomuk" {rF- rN+++ rCorr Str-4}
                  | (Okawaru gifted it to you on level 15 of the Dungeon)
 21858 | D:15     | Received a gift from Okawaru
 21988 | D:15     | Found a staircase to the Depths.
 22034 | D:15     | Found Immaamae's Antique Armour Emporium.
 22383 | Snake:1  | Entered Level 1 of the Snake Pit
 22605 | Snake:1  | Identified the +2 leather armour "Geyheit" {+Inv}
 22753 | Snake:1  | Reached XP level 16. HP: 162/162 MP: 14/14
 22949 | Snake:1  | Found a runed translucent gate.
 22949 | Snake:1  | Found a runed translucent gate.
 22949 | Snake:1  | Found a runed translucent gate.
 22958 | Snake:1  | Noticed PanSaczeczos's ghost (adept KoCj)
 22958 | Snake:1  | Noticed littlecub's ghost (journeyman DsGl)
 22958 | Snake:1  | Noticed Saddaezu's ghost (adept MiBe)
 23035 | Snake:1  | Reached skill level 20 in Fighting
 23152 | Snake:1  | Killed Saddaezu's ghost
 23152 | Snake:1  | Identified the -2 kite shield "Leukhlad" {Str+4 Int+8}
                  | (Okawaru gifted it to you on level 1 of the Snake Pit)
 23152 | Snake:1  | Received a gift from Okawaru
 23160 | Snake:1  | Killed littlecub's ghost
 23160 | Snake:1  | Killed PanSaczeczos's ghost
 23161 | Snake:1  | Reached skill level 1 in Invocations
 23616 | Snake:2  | Found Liborih's Antique Weapon Emporium.
 24131 | Snake:3  | Found Maetsycaq's Book Shoppe.
 24167 | Snake:3  | Reached skill level 15 in Armour
 24449 | Snake:3  | Noticed Vashnia
 24473 | Snake:3  | Identified the +1 robe "Ynkumeic" {Dex+2} (Okawaru gifted
                  | it to you on level 3 of the Snake Pit)
 24473 | Snake:3  | Received a gift from Okawaru
 24503 | Snake:3  | Killed Vashnia
 24558 | Snake:3  | Identified the +0 ring mail of Tocwuj {Int+4 Slay+2}
 25173 | Snake:4  | Entered Level 4 of the Snake Pit
 25595 | Snake:4  | Identified the amulet of Foasakh {Reflect rN++ Dex+2 SH+5}
 25926 | Snake:4  | Reached skill level 21 in Fighting
 25930 | Snake:4  | Reached XP level 17. HP: 155/173 MP: 15/15
 26321 | Snake:4  | Received a gift from Okawaru
 26526 | Snake:4  | Received a gift from Okawaru
 26954 | Snake:4  | Found Egoil's Distillery.
 26958 | Snake:4  | Bought a potion of heal wounds for 105 gold pieces
 26958 | Snake:4  | Bought a potion of curing for 63 gold pieces
 26958 | Snake:4  | Bought a potion of curing for 63 gold pieces
 27093 | Snake:4  | Got a serpentine rune of Zot
 27248 | Swamp:1  | Entered Level 1 of the Swamp
 27274 | Swamp:1  | Identified the +0 leather armour of Fortitude {+Inv Will+
                  | Dex+4}
 27274 | Swamp:1  | Noticed Josephine
 27291 | Swamp:1  | Killed Josephine
 27318 | Swamp:1  | Identified the +0 cloak of Insurance {SInv} (Okawaru gifted
                  | it to you on level 1 of the Swamp)
 27318 | Swamp:1  | Received a gift from Okawaru
 27473 | Swamp:1  | Noticed Jorgrun
 27481 | Swamp:1  | Killed Jorgrun
 27696 | Swamp:1  | Identified the -1 tower shield "Gykub" {Fly Dex+3}
 27696 | Swamp:1  | Noticed Louise
 27707 | Swamp:1  | Killed Louise
 28178 | Swamp:2  | Noticed Donald
 28338 | Swamp:2  | Killed Donald
 29776 | Swamp:3  | Reached XP level 18. HP: 133/184 MP: 15/15
 29780 | Swamp:3  | Reached skill level 22 in Fighting
 30020 | Swamp:3  | Identified the ring "Lym Ebot" {Fly Slay+4}
 30071 | Swamp:3  | Identified the +6 battleaxe of Ikla Qut {freeze, Int+3}
                  | (Okawaru gifted it to you on level 3 of the Swamp)
 30071 | Swamp:3  | Received a gift from Okawaru
 30490 | Swamp:3  | Noticed a tentacled monstrosity
 30501 | Swamp:3  | Killed a tentacled monstrosity
 30846 | Swamp:4  | Entered Level 4 of the Swamp
 30877 | Swamp:4  | Reached skill level 1 in Evocations
 31191 | Swamp:4  | Identified the +1 broad axe of Desertification {drain,
                  | rCorr} (Okawaru gifted it to you on level 4 of the Swamp)
 31191 | Swamp:4  | Received a gift from Okawaru
 31216 | Swamp:4  | Noticed the 27-headed Lernaean hydra
 31218 | Swamp:4  | HP: 6/184 [swamp dragon (6)]
 31435 | Swamp:4  | Noticed Mlioglotl
 31435 | Swamp:4  | Noticed Mara
 31440 | Swamp:4  | Noticed discopopstar's illusion
 31478 | Swamp:4  | Killed Mlioglotl
 31722 | Swamp:4  | Noticed discopopstar's illusion
 31762 | Swamp:4  | Killed Mara
 31927 | Swamp:3  | Killed the 26-headed Lernaean hydra
 32120 | Swamp:4  | Received a gift from Okawaru
 32211 | Swamp:4  | Received a gift from Okawaru
 32420 | Swamp:4  | Got a decaying rune of Zot
 32995 | Vaults:1 | Entered Level 1 of the Vaults
 33031 | Vaults:1 | Noticed Asterion
 33043 | Vaults:1 | Killed Asterion
 33130 | Vaults:1 | Found a magical portal.
 33139 | WizLab   | Entered Cigotuvi's Fleshworks
 33439 | WizLab   | Received a gift from Okawaru
 33498 | WizLab   | Gained mutation: You are frail. (-10% HP) [a shining eye]
 33508 | WizLab   | Found the -2 hat of the Alchemist {rElec rPois rF+ rC+ rN+
                  | Will+ rMut rCorr}
 33534 | WizLab   | Paralysed by a floating eye for 4 turns
 33541 | WizLab   | Paralysed by a floating eye for 4 turns
 33554 | WizLab   | Paralysed by a floating eye for 3 turns
 33899 | WizLab   | Lost mutation: You are frail. (-10% HP) [potion of
                  | mutation]
 33899 | WizLab   | Lost mutation: Your magical capacity is low. (-10% MP)
                  | [potion of mutation]
 33899 | WizLab   | Gained mutation: You are clumsy. (Dex -2) [potion of
                  | mutation]
 33899 | WizLab   | Gained mutation: You have sharp toenails. [potion of
                  | mutation]
 33914 | WizLab   | Received a gift from Okawaru
 34133 | WizLab   | HP: 4/187 [constriction (25)]
 34168 | WizLab   | Reached XP level 19. HP: 70/193 MP: 15/18
 34255 | WizLab   | Got the Excursus on Changing
 34258 | WizLab   | Got the Quarto of the Xenotype
 34629 | Vaults:1 | Identified the +10 hand axe "Xirixina" {venom, *Corrode
                  | rElec rN+ SInv} (Okawaru gifted it to you on level 1 of the
                  | Vaults)
 34629 | Vaults:1 | Received a gift from Okawaru
 34748 | Vaults:1 | Found Terar's Antique Weapon Boutique.
 35221 | Abyss:2  | Cast into level 2 of the Abyss (a wizard)
 35275 | Abyss:2  | Reached skill level 23 in Fighting
 35321 | Abyss:2  | Found a corrupted altar of Lugonu.
 35415 | Abyss:2  | Reached skill level 5 in Evocations
 35493 | Vaults:1 | Escaped the Abyss
 35532 | Vaults:1 | Received a gift from Okawaru
 35732 | Vaults:1 | You are sucked into a shaft and drop 1 floor!
 35878 | Vaults:2 | Found a staircase to the Crypt.
 35878 | Vaults:2 | Found a basalt altar of Yredelemnul.
 35879 | Vaults:2 | Found an ancient bone altar of Kikubaaqudgha.
 36324 | Abyss:2  | Noticed a bone dragon
 36324 | Abyss:2  | Found a corrupted altar of Lugonu.
 36324 | Abyss:2  | Cast into level 2 of the Abyss (a wizard)
 36348 | Abyss:2  | Killed a bone dragon
 36380 | Abyss:2  | Noticed a bone dragon
 36396 | Abyss:2  | Killed a bone dragon
 36412 | Abyss:2  | Noticed an ancient lich
 36447 | Abyss:2  | Killed an ancient lich
 36486 | Abyss:2  | Found a corrupted altar of Lugonu.
 36503 | Vaults:2 | Escaped the Abyss
 37257 | Abyss:2  | Cast into level 2 of the Abyss (a wizard)
 37573 | Abyss:2  | Found a hide-covered altar of Uskayaw.
 37712 | Abyss:2  | Gained mutation: You are vulnerable to heat. (rF-) [a
                  | neqoxec]
 37715 | Vaults:2 | Escaped the Abyss
 37787 | Vaults:2 | Identified the +0 ring mail of Gayjoram {Int+3 Dex+3}
                  | (Okawaru gifted it to you on level 2 of the Vaults)
 37787 | Vaults:2 | Received a gift from Okawaru
 38257 | Vaults:2 | Found Wahaxom's Assorted Antiques.
 38481 | Vaults:1 | Reached XP level 20. HP: 205/205 MP: 19/19
 38593 | Vaults:1 | HP: 9/206 [deep troll[an ironbound preserver] (11)]
 39454 | Vaults:3 | Reached skill level 24 in Fighting
 39718 | Vaults:3 | Found a transporter.
 39719 | Vaults:3 | Found a shimmering blue altar of Sif Muna.
 39850 | Vaults:3 | Received a gift from Okawaru
 40110 | Vaults:3 | Identified the +1 plate armour "Qiekluel" {rElec rF++ Will-
                  | Int+2} (Okawaru gifted it to you on level 3 of the Vaults)
 40110 | Vaults:3 | Received a gift from Okawaru
 42554 | Vaults:4 | Reached XP level 21. HP: 215/215 MP: 20/20
 42690 | Vaults:4 | Identified the +0 pair of boots "Caifuse" {Stlth+} (Okawaru
                  | gifted it to you on level 4 of the Vaults)
 42690 | Vaults:4 | Received a gift from Okawaru
 43077 | Elf:1    | Entered Level 1 of the Elven Halls
 43565 | Elf:1    | Got the Treatise on the Salvo
 43799 | Elf:1    | Reached skill level 25 in Fighting
 44736 | Elf:2    | Found a runed translucent gate.
 44737 | Elf:2    | Found a runed translucent gate.
 44737 | Elf:2    | Found a runed translucent gate.
 45002 | Elf:2    | Identified the +0 chain mail "Qoma" {*Corrode +Inv rF++
                  | Regen+} (Okawaru gifted it to you on level 2 of the Elven
                  | Halls)
 45002 | Elf:2    | Received a gift from Okawaru
 45294 | Elf:3    | Entered Level 3 of the Elven Halls
 45711 | Elf:3    | Reached skill level 5 in Invocations
 45774 | Elf:3    | Killed from afar by a ghostly deep elf death mage

Illustrated notes

Levels and vault maps discovered:
D:1:      dpeg_arrival_water_fire, layout_basic,
          hellmonk_ecumenical_altar_inner_sanctum
D:2:      layout_loops_ring
D:3:      layout_loops_cross, nicolae_kikubaaqudgha_miasma_corner,
          nemelex_spade_bored_becter, mainiacjoe_overflow_small_starburst
D:4:      layout_basic, mainiacjoe_overflow_big_doors
D:5:      layout_loops_corners, nicolae_qazlal_eye_of_the_storm,
          minmay_temple_entry_butterflies, hex_large, uniq_ijyb
D:6:      layout_basic, solitary_fountain, nicolae_wooded_promenade,
          sigmund_army
D:7:      layout_loops_ring, mainiacjoe_overflow_paths,
          minmay_guarded_unrand_staff_of_olgreb
D:8:      layout_rooms, mainiacjoe_overflow_boulevard,
          nicolae_gozag_conspicuous_consumption, nicolae_overflow_crystal_walls
D:9:      layout_small_grid, david_lair_shrubbed, serial_shops,
          nicolae_shop_industrial_runoff, fungi_pond_lemuel
D:10:     layout_gridville, mainiacjoe_overflow_concentric_impassable,
          kennysheep_little_box, xom_butterflies, nicolae_take_the_stairs
D:11:     layout_roguey, gauntlet_entry_generic, nicolae_elevator_lobby_plus
D:12:     layout_roguey, david_orc_3, portal_ice_cave_entry_pillars_2
D:13:     layout_rooms, chequers_serial_rivers_room_b,
          nicolae_ashenzari_panopticon, uniq_frances
D:14:     layout_roguey, grunt_vaults_entry_fortified, serial_bayou_ford_a,
          uniq_roxanne
D:15:     grunt_enter_depths_magical_seal, layout_cave_pods,
          gammafunk_ghost_ooze, serial_shops, shop, chequers_serial_rivers_marsh
Temple:   jpeg_temple_island
Lair:1:   beast_lair_carwin_large_2, layout_cave_shapes,
          chequers_serial_rivers_small_b, lemuel_old_faithful
Lair:2:   layout_roguey, minmay_snake_entry_guardpost_large,
          gammafunk_ghost_cemetery
Lair:3:   lemuel_ratsnest, layout_regular_city, swamp_mist_pool,
          nicolae_lair_grazing_beasts [nicolae_sub_lair_graze_edge,
          nicolae_sub_lair_graze_edge, nicolae_sub_lair_graze_edge,
          nicolae_sub_lair_graze_edge]
Lair:4:   layout_big_grid, slime_entry_1
Lair:5:   hellmonk_lair_end_abyssal_woods, layout_concentric_octagons,
          pdpol_lair_neglected_garden, minivault_19
Swamp:1:  layout_basic_swamp, hangedman_swamp_cone, lightli_tree_ring,
          uniq_josephine, uniq_jorgrun, uniq_louise
Swamp:2:  layout_falls_marsh, evilmike_swamp_ruin_house_4, swamp_pool4,
          hangedman_swamp_ravenous, infiniplex_staircase_pool, uniq_donald
Swamp:3:  nzn_winding_woodlands_medium [nzn_winding_woodlands_5x5_three,
          nzn_winding_woodlands_5x15_split_checker,
          nzn_winding_woodlands_5x5_open_star,
          nzn_winding_woodlands_5x5_perimeter,
          nzn_winding_woodlands_center_diamonds,
          nzn_winding_woodlands_hourglass,
          nzn_winding_woodlands_5x5_checkerboard,
          nzn_winding_woodlands_5x15_concentric,
          nzn_winding_woodlands_5x5_default], layout_basic_swamp,
          nicolae_swamp_stair_fork
Swamp:4:  swamp_old_school, layout_basic_swamp, uniq_mlioglotl, uniq_mara
Snake:1:  layout_misc_corridors, gammafunk_ghost_cemetery
Snake:2:  layout_basic, serial_shops, nicolae_shop_advertising_works
          [nicolae_subvault_shop_adworks]
Snake:3:  layout_honeycomb, serial_shops, nicolae_shop_window_shopping,
          uniq_vashnia
Snake:4:  johnstein_snake_rune_scales, layout_gridlike, serial_shops,
          nicolae_shop_behind_doors
Orc:1:    layout_caves
Orc:2:    st_orc_mages, layout_caves
Elf:1:    minmay_elf_arrival_plus, layout_geoelf_diagonals, special_room
          [special_room_orc], hangedman_elf_represent, minmay_elf_annihilation
Elf:2:    nicolae_elf_blades_crystal_corner, layout_geoelf_diagonals
Elf:3:    minmay_elf_hall_four_x, layout_rooms, serial_shops, shop,
          grunt_megastairs_2
Vaults:1: mu_enter_wizlab_5, nicolae_vaults_closet_pinwheel_4, v_misc_14,
          v_misc_11, nicolae_vaults_loss_of_containment, v_misc_30,
          hangedman_vaults_slice, nicolae_vaults_heart-shaped_vault,
          nicolae_vaults_little_squares_1, ontoclasm_vaults_decontamination,
          nicolae_vaults_weapon_check, layout_vaults_quadrants, serial_shops,
          shop, uniq_asterion
Vaults:2: nicolae_vaults_shelves_hall, vaults_mumra_chevron, vaults_mumra_hex,
          nicolae_vaults_mini_display_case, minmay_crypt_entry_necro_gods,
          nicolae_vaults_surprise_closet, layout_vaults_chaotic_city,
          serial_shops, nicolae_shop_just_a_little_nook
Vaults:3: gammafunk_sealed_library, vaults_dpeg_encased_lava,
          nicolae_vaults_more_shelving_2, v_pattern_4,
          nicolae_vaults_little_squares_4, nicolae_vaults_trapezoid_layered,
          nicolae_vaults_apartment_2, v_alt_pattern_2, nicolae_vaults_house_3,
          layout_vaults_maze
Vaults:4: v_pattern_1, vaults_mumra_lcd, nicolae_vaults_wine_cellar,
          vaults_room_fours, v_alt_pattern_3, nicolae_vaults_shrinking_rooms_2,
          nicolae_vaults_closet_pinwheel_3, nicolae_vaults_tetromino_T_1,
          nicolae_vaults_murderbox, nicolae_vaults_closet_pinwheel_4,
          nicolae_vaults_prndl, layout_vaults_omnicross

Skill      XL: |  1  2  3  4  5  6  7  8  9 10 11 12 13 14 15 16 17 18 19 20 21 |
---------------+----------------------------------------------------------------+-----
Armour         | 4 5 6 7 9 10 11 12 13 14 15 16 17 18 19 | 19.1
Fighting       | 4 5 6 8 10 13 16 18 19 21 22 23 24 25 | 25.5
Throwing       | 1 3 4 |  4.0
Axes           | 3 4 5 6 7 10 12 13 15 17 18 19 20 21 22 23 24 | 24.2
Shields        | 4 5 6 8 10 13 15 17 19 20 21 22 23 24 | 24.2
Dodging        | 1 2 4 5 6 7 |  7.2
Stealth        | 1 2 3 |  3.1
Invocations    | 1 5 |  5.1
Evocations     | 4 6 8 |  8.8

Action                     |  1- 3 |  4- 6 |  7- 9 | 10-12 | 13-15 | 16-18 | 19-21 || total
---------------------------+-------+-------+-------+-------+-------+-------+-------++-------
  Melee: War axe           |    71 |    19 |       |   324 |  1048 |  1240 |  1441 ||  4143
         Headbutt          |     7 |     8 |    24 |   115 |   281 |   379 |   503 ||  1317
         Broad axe         |       |    54 |   149 |   175 |       |       |       ||   378
  Throw: Dart              |    12 |     3 |    11 |     4 |    12 |     1 |       ||    43
 Invoke: Heroism           |       |       |     1 |     2 |       |     4 |     1 ||     8
    Use: Scroll            |       |    13 |     6 |    14 |     5 |     7 |     9 ||    54
         Potion            |       |     1 |     1 |     5 |     1 |     9 |     1 ||    18
   Stab: Confused          |       |       |       |       |       |     2 |       ||     2
         Distracted        |       |       |       |       |       |       |     1 ||     1
 Armour: Scale mail        |    27 |    31 |     6 |       |       |       |       ||    64
         Chain mail        |       |       |    59 |   176 |    63 |       |       ||   298
         Plate armour      |       |       |       |       |   242 |   880 |   509 ||  1631
  Dodge: Dodged            |    32 |    39 |    76 |   199 |   381 |   634 |   460 ||  1821
  Block: Buckler           |    14 |    24 |    40 |    51 |       |       |       ||   129
         Kite shield       |       |       |       |   123 |       |   964 |   849 ||  1936
         Tower shield      |       |       |       |    19 |   969 |    58 |       ||  1046
